 Dungeon Crawl Stone Soup version 0.31-a0-1074-g0b22e4e0f1 (webtiles) character file.

Game seed: 16981444775296411706

35 grandjackal the Trooper (level 3, -7/33 HPs)
             Began as a Ghoul Monk on Dec 1, 2023.
             Mangled by Terence
             ... wielding a +0 falchion
              (9 damage)
             ... on level 2 of the Dungeon.
             The game lasted 00:01:00 (927 turns).

grandjackal the Trooper (Ghoul Monk)                 Turns: 927, Time: 00:01:00

Health: -7/33      AC:  6    Str: 14    XL:     3   Next: 33%
Magic:  2/2        EV:  9    Int: 11    God:
Gold:   65         SH:  0    Dex: 11    Spells: 2/2 levels left

rFire   . .          .
                       - Unarmed
rCold   + . .        c - orb {light}
rNeg    + + +        d - +0 scale mail
rPois   ∞            (no helmet)
rElec   .            (no cloak)
rCorr   .            (no gloves)
SInv    .            (no boots)
Will    .....        (no amulet) Stlth
                     (no ring)
HPRegen 0.00/turn    (no ring)
MPRegen 0.08/turn

%: no passive effects
@: inhibited regen, glowing
A: claws 1, cold resistance 1, negative energy resistance 3, inhibited
regeneration, torment resistance 2, devour on kill
a: no special abilities


You were on level 2 of the Dungeon.
You visited 1 branch of the dungeon, and saw 2 of its levels.

You collected 65 gold pieces.

Inventory:

Missiles
 a - 9 poisoned darts (quivered)
Armour
 c - an orb of light (worn)
 d - a +0 scale mail (worn)
Scrolls
 e - a scroll of noise {unknown}
 f - a scroll of revelation {unknown}
 g - a scroll of enchant weapon {unknown}
 i - a scroll of identify {unknown}
 m - a scroll of fog {unknown}
Potions
 b - a potion of ambrosia
 h - a potion of curing {unknown}
 j - a potion of berserk rage {unknown}
 k - a potion of enlightenment {unknown}
 l - a potion of heal wounds {unknown}


   Skills:
 + Level 3.9 Fighting
 + Level 0.6 Armour
 - Level 3.0 Dodging
 + Level 3.8 Unarmed Combat


You had 2 spell levels left.
You didn't know any spells.
Your spell library contained the following spells:

 Spells                   Type           Power      Damage    Failure   Level
 Poisonous Vapours        Pois/Air       0%         N/A       94%         2
 Mephitic Cloud           Conj/Pois/Air  0%         N/A       99%         3
 Freezing Cloud           Conj/Ice/Air   0%         6-21      100%        5


Dungeon Overview and Level Annotations

Branches:
Dungeon (2/15)

Altars:

Annotations:
D:2 Terence


Innate Abilities, Weirdness & Mutations

You are immune to poison.
You have sharp fingernails.
Your flesh is cold resistant. (rC+)
You are immune to negative energy. (rN+++)
You do not regenerate when monsters are visible.
You are immune to unholy pain and torment.
You thrive by killing the living.


Message History

Terence is moderately wounded.
Terence hits you with a +0 falchion.
You scratch Terence but do no damage.
Terence is moderately wounded.
Terence completely misses you.
You scratch Terence.
Terence is heavily wounded.
Terence hits you but does no damage.
You completely miss Terence.
Terence is heavily wounded.
Terence hits you with a +0 falchion.
* * * LOW HITPOINT WARNING * * *
You scratch Terence but do no damage.
Terence is heavily wounded.
Terence closely misses you.
You scratch Terence.
Terence is heavily wounded.
Terence hits you with a +0 falchion.
* * * LOW HITPOINT WARNING * * *
You scratch Terence but do no damage.
Terence is heavily wounded.
Terence closely misses you.
You scratch Terence.
Terence is heavily wounded.
Terence completely misses you.
You scratch Terence but do no damage.
Terence is heavily wounded.
Terence barely misses you.
You scratch Terence.
Terence is almost dead.
You barely miss Terence.
Terence is almost dead.
Terence says, "Time to say good-bye..."
Terence hits you with a +0 falchion.
* * * LOW HITPOINT WARNING * * *
You scratch Terence.
Terence is almost dead.
Terence hits you with a +0 falchion!
You die...
Terence says, "That felt goooood."

#...# #.# #...#
#)### ###...#
#.#.. #.....#
#.#.#### #.....#
#.#...<#
###.....####.#.#.#
................>#
###.....######.#.#
#.....# #...@#
#.....# #...@#
####### #.##.#
##### #. #.# ....#
#. ..# ....# ##
#.# ....# #.#
....# #.# ....#


You could see Terence.

Vanquished Creatures
  An adder (D:2)
  A dart slug (D:1)
  3 ball pythons
  An endoplasm (D:1)
  8 jackals
  2 quokkas
  A bat (D:1)
  A frilled lizard (D:1)
  A kobold (D:1)
  3 rats
22 creatures vanquished.

Notes
Turn   | Place    | Note
-------+----------+-------------------------------------------
     0 | D:1      | grandjackal the Ghoul Monk began the quest for the Orb.
     0 | D:1      | Reached XP level 1. HP: 19/19 MP: 0/0
   158 | D:1      | Reached XP level 2. HP: 25/26 MP: 1/1
   793 | D:2      | Reached XP level 3. HP: 33/33 MP: 2/2
   906 | D:2      | Noticed Terence
   927 | D:2      | Mangled by Terence

Illustrated notes

Levels and vault maps discovered:
D:1:      saegor_arrival_simple_e, layout_loops_cross
D:2:      layout_basic, serial_shops, shop, basic_altar,
          kennysheep_generic_room_9, uniq_terence, uniq_robin

Skill      XL: |  1  2 |
---------------+-------+-----
Dodging        | 3 |  3.0
Fighting       | |  3.9
Armour         | |  0.6
Unarmed Combat | |  3.8

Action                     || total
---------------------------++-------
  Melee: Unarmed           ||    75
 Armour: Scale mail        ||    41
         Robe              ||     2
  Dodge: Dodged            ||    26

Table legend: (Time is in decaauts)
 A = Elapsed time spent in this place.
 B = Non-inter-level travel time spent in this place.
 C = Inter-level travel time spent in this place.
 D = Time resting spent in this place.
 E = Time spent auto-exploring this place.
 F = Levels seen in this place.
 G = Mean time per level.
                   A        B        C        D        E       F      G
               +--------+--------+--------+--------+--------+-----+--------+
         Total |    922 |    884 |     38 |      0 |    715 |   2 |  461.0 |
       Dungeon |    922 |    884 |     38 |      0 |    715 |   2 |  461.0 |
               +--------+--------+--------+--------+--------+-----+--------+

Top non-repeatable levels by time:
     D:1: 714 daAuts
     D:2: 207 daAuts
